 Dungeon Crawl Stone Soup version 0.20-a0-38-g7d30548 (webtiles) character file.

52 KristoblXynda the Sneak (level 3, -1/16 HPs)
             Began as a Spriggan Earth Elementalist on Nov 11, 2016.
             Killed from afar by Natasha (4 damage)
             ... with a magic dart
             ... on level 2 of the Dungeon.
             The game lasted 00:02:55 (893 turns).

KristoblXynda the Sneak (SpEE)                       Turns: 893, Time: 00:02:56

Health: -1/16      AC:  2    Str:  5    XL:     3   Next: 60%
Magic:  5/9        EV: 18    Int: 16    God:
Gold:   104        SH:  0    Dex: 16    Spells: 1 memorised, 8 levels left

rFire  . . .     SeeInvis +     b - 121 stones
rCold  . . .     Gourm    .     c - +0 robe
rNeg   . . .     Faith    .     (shield restricted)
rPois  .         Spirit   .     (helmet restricted)
rElec  .         Reflect  .     (no cloak)
rCorr  .         Harm     .     (gloves unavailable)
MR     .....                    (boots unavailable)
Stlth  +++.......               (no amulet)
                                (no ring)
                                (no ring)

@: slowed, quick
A: unfitting armour, see invisible, herbivore 3, speed 3, slow metabolism 2
a: no special abilities


You were on level 2 of the Dungeon.
You were not hungry.

You visited 1 branch of the dungeon, and saw 2 of its levels.

You collected 104 gold pieces.

Inventory:

Hand Weapons
 a - a +0 dagger
Missiles
 b - 121 stones (in hand)
Armour
 c - a +0 robe (worn)
Scrolls
 f - 6 scrolls of identify {unknown}
 g - a scroll of teleportation {unknown}
 k - a scroll of fog {unknown}
Potions
 h - a potion of curing {unknown}
 i - a potion of cancellation {unknown}
 j - 2 potions of agility {unknown}
Books
 e - a book of Geomancy

   Spells                             Type                      Level
   a - Sandblast                      Earth                        1
   b - Passwall                       Transmutation/Earth          2
   c - Stone Arrow                    Conjuration/Earth            3
   d - Petrify                        Transmutation/Earth          4
   e - Lee's Rapid Deconstruction     Earth                        5
Comestibles
 d - a bread ration


   Skills:
 + Level 0.4 Short Blades
 - Level 3.0 Dodging
 + Level 4.2 Stealth
 + Level 3.6 Spellcasting
   Level 1.3 Transmutations
 - Level 3.1 Earth Magic


You had 8 spell levels left.
You knew the following spells:

 Your Spells              Type           Power        Failure   Level  Hunger
a - Sandblast             Erth           ##....       6%          1    None


Dungeon Overview and Level Annotations

Branches:
Dungeon (2/15)

Altars:

Annotations:
D:2 Natasha


Innate Abilities, Weirdness & Mutations

You are very small and have problems with some larger weapons.
You are too small for most types of armour.
You have supernaturally acute eyesight. (SInv)
You are a herbivore.
You cover ground extremely quickly.
You need consume almost no food.


Message History

It is a wand of slowing (?/48).
Casting: Sandblast
Confirm with . or Enter, or press ? or * to list all spells.
Aiming: Sandblast
Press: ? - help, Shift-Dir - straight line, f/p - Natasha
Aim: Natasha, carrying a wand of slowing (?/48) {zapped: 1} (lightly wounded)
The rocky blast hits Natasha.
Natasha is lightly wounded.
Natasha wildly gestures.
You feel disoriented.
Casting: Sandblast
Confirm with . or Enter, or press ? or * to list all spells.
Aiming: Sandblast
Press: ? - help, Shift-Dir - straight line, f/p - Natasha
Aim: Natasha, carrying a wand of slowing (?/48) {zapped: 1} (lightly wounded)
The rocky blast hits Natasha.
Natasha is severely wounded.
Natasha stares at you and mumbles some strange words.
The magic dart hits you!
You die...

###### #... #######....# #####
#... ####......K...###...# #...
.....###.###..##..#.# ####...
.....#.....#.....##.# ###......
.....#.(.>.#.##.##..#####...##...
...........†..†....#...††.####...
....K#.....#.........###### #...
....h#.....#..h.@..### #...
.....###.###.......# ##...
####.........#.....### ###..##
##.......###......######...##
...#.#..# #.#.##........#####
.#.#...####..................
...# .............####<..##.##..
.(.... .............).....##....#
...... #.....#..#...#....#.....


You could see Natasha.

Vanquished Creatures
  2 adders (D:2)
  A dart slug (D:2)
  2 bats (D:1)
  3 giant cockroaches
  6 goblins
  4 hobgoblins
  3 kobolds
  4 frilled lizards (D:1)
  7 rats (D:1)
32 creatures vanquished.

Notes
Turn   | Place    | Note
-------+----------+-------------------------------------------
     0 | D:1      | KristoblXynda the Spriggan Earth Elementalist began the quest for the Orb.
     0 | D:1      | Reached XP level 1. HP: 9/9 MP: 5/5
   170 | D:1      | Reached XP level 2. HP: 10/13 MP: 7/7
   749 | D:2      | Reached XP level 3. HP: 15/16 MP: 2/9
   768 | D:2      | Reached skill level 4 in Stealth
   797 | D:2      | Found a faded altar of an unknown god.
   807 | D:2      | Noticed Natasha
   893 | D:2      | Killed from afar by Natasha

Vault maps used:
D:1:      mrwooster_arrival_statue, minmay_strange_pillars
D:2:      elyvilon_altar_3, ecumenical_altar_1, st_stairs_3, uniq_natasha,
          uniq_jessica

Skill      XL: |  1  2  3 |
---------------+----------+-----
Spellcasting   | 3 |  3.6
Earth Magic    | 3 |  3.1
Stealth        | 4 |  4.2
Short Blades   | |  0.4
Dodging        | |  3.0
Transmutations | |  1.3

Action                   || total
-------------------------++-------
Melee: Dagger            ||    87
 Cast: Sandblast         ||    22
 Stab: Sleeping          ||     4
Armor: Robe              ||     4
Dodge: Dodged            ||    69
